 Dungeon Crawl Stone Soup version 0.27-a0-1140-g099f9bb0e8 (webtiles) character file.

Game seed: 10813867111247543780

39 dickylongcocking the Magician (level 3, 0/27 HPs)
             Began as a Djinni Fire Elementalist on May 8, 2021.
             Slain by a jackal (1 damage)
             ... on level 2 of the Dungeon.
             The game lasted 00:01:06 (2233 turns).

dickylongcocking the Magician (DjFE)                Turns: 2233, Time: 00:01:06

Health: 0/27       AC:  2    Str:  6 (7)  XL:     3   Next: 45%
Gold:   89         EV: 12    Int: 14 (17) God:
                   SH:  0    Dex: 10 (13)

rFire    + + .     SeeInvis .   f - +0 short sword
rCold    x . .     Faith    .   (no shield)
rNeg     . . .     Spirit   .   a - +0 robe
rPois    ∞         Reflect  .   (no helmet)
rElec    .         Harm     .   (no cloak)
rCorr    .         Rampage  .   (no gloves)
Will     .....                  (boots unavailable)
Stlth    ++........             (no amulet)
HPRegen  0.09/turn              (no ring)
MPRegen  0.00/turn              (no ring)

@: mighty, flying
A: sickness immunity, fire resistance 2, cold vulnerability 1, float, innate
caster, hp casting, extra vitality 1
a: no special abilities


You were on level 2 of the Dungeon.
You visited 1 branch of the dungeon, and saw 2 of its levels.

You collected 89 gold pieces.

Inventory:

Hand Weapons
 f - a +0 short sword (weapon)
Armour
 a - a +0 robe (worn)
Jewellery
 d - a +6 ring of strength
Wands
 h - a wand of polymorph (7)
Scrolls
 c - a scroll of teleportation {unknown}
 e - a scroll of amnesia {unknown}
 i - 2 scrolls of noise {unknown}


   Skills:
 * Level 1.2 Fighting
 + Level 2.5 Dodging
 - Level 1.6 Stealth
 * Level 3.3 Spellcasting


You couldn't memorise any spells.
You knew the following spells:

 Your Spells              Type           Power      Damage    Failure   Level
a - Foxfire               Conj/Fire      44%        2x1d6     5%          1
b - Conjure Flame         Conj/Fire      11%        6-21      16%         3
c - Inner Flame           Hex/Fire       11%        N/A       16%         3
d - Sticky Flame          Conj/Fire      11%        2d3       45%         4
e - Fireball              Conj/Fire      5%         3d5       82%         5
f - Sting                 Tmut/Pois      44%        1d5       5%          1
Your spell library was empty.

Dungeon Overview and Level Annotations

Branches:
Dungeon (2/15)

Altars:
Nemelex Xobeh


Innate Abilities, Weirdness & Mutations

You are immune to sickness and miasma.
You are immune to poison.
Your flesh is very heat resistant. (rF++)
You are vulnerable to cold. (rC-)
You float through the air rather than walking.
You learn spells naturally, not from books.
Your magical power is your life essence.
You have superior vitality. (+4 HP)


Message History

You conjure some foxfire!
The jackal barely misses you.
Unknown command.
Unknown command.
Your foxfire dissipates!
The foxfire hits the jackal.
The jackal is severely wounded.
Casting: Foxfire (safe; 4% risk of failure)
Confirm with . or Enter, or press ? or * to list all spells.
You conjure some foxfire!
The jackal bites you.
Unknown command.
Unknown command.
Casting: Foxfire (safe; 4% risk of failure)
Confirm with . or Enter, or press ? or * to list all spells.
The spell is quite dangerous to cast (13% risk of failure)!
Continue anyway?
Aiming: Inner Flame (quite dangerous; 13% risk of failure)
Press: ? - help, Shift-Dir - straight line, f/p - jackal
Aim: a jackal (inner flame, chance to affect: 82%)
The jackal barely resists.
* * * LOW HITPOINT WARNING * * *
The foxfire hits the jackal but does no damage.
The jackal is severely wounded.
The foxfire hits the jackal but does no damage.
The jackal is severely wounded.
The jackal bites you.
* * * LOW HITPOINT WARNING * * *
The jackal closely misses you.
Unknown command.
Unknown command.
Unknown command.
It was a potion of degeneration.
There was something very wrong with that liquid.
You feel weakened.
You feel dopey.
You feel clumsy. The jackal closely misses you. The jackal barely misses you.
The adder bites you.
* * * LOW HITPOINT WARNING * * *
Unknown command.
It was a potion of might.
You feel very mighty all of a sudden. The jackal bites you.
You die...

. .. ######### .._
#.......# ....
#.......# ####
..=..## #......>#
#..####
.......##h......#
#..##.(
#Jhhh@.....#
#).....
####S......#
##.....# #.......#
#<...### ###.#####
##....# ##..#
#...#.###
#...#######........
#.#.†....##....#..#
#.######......###.#
..#...........# #.#


You could see an adder, an endoplasm and 4 jackals.

Vanquished Creatures
  A dart slug (D:2)
  5 endoplasms
  3 giant cockroaches
  5 goblins
  3 hobgoblins (D:1)
  4 jackals (D:1)
  3 kobolds (D:1)
  A quokka (D:1)
  A ball python (D:2)
  A frilled lizard (D:2)
  4 rats (D:1)
31 creatures vanquished.

Vanquished Creatures (others)
  69 foxfires
69 creatures vanquished.

Grand Total: 100 creatures vanquished

Notes
Turn   | Place    | Note
-------+----------+-------------------------------------------
     0 | D:1      | dickylongcocking the Djinni Fire Elementalist began the
                  | quest for the Orb.
     0 | D:1      | Reached XP level 1. HP: 15/15 MP: 0/0
   115 | D:1      | Found a faded altar of an unknown god.
   174 | D:1      | Reached skill level 3 in Spellcasting
   175 | D:1      | Reached XP level 2. HP: 5/21 MP: 0/0
  1099 | D:1      | Reached XP level 3. HP: 19/26 MP: 0/0
  1099 | D:1      | Learned a level 1 spell: Sting
  1429 | D:1      | Reached skill level 1 in Fighting
  2221 | D:2      | Found a sparkling altar of Nemelex Xobeh.
  2232 | D:2      | HP: 1/27 [adder (4)]
  2233 | D:2      | Slain by a jackal

Illustrated notes

Levels and vault maps discovered:
D:1:      dpeg_arrival_round_b, layout_basic, chequers_ecumenical_altar_simple
D:2:      layout_rooms, basic_altar

Skill      XL: |  1  2  3 |
---------------+----------+-----
Spellcasting   | 3 |  3.3
Fighting       | 1 |  1.2
Dodging        | |  2.5
Stealth        | |  1.6

Action                   || total
-------------------------++-------
Melee: Unarmed           ||     8
       Short sword       ||    21
 Cast: Foxfire           ||    50
       Inner Flame       ||     2
  Use: Potion            ||     2
 Stab: Sleeping          ||     1
Armor: Robe              ||     7
Dodge: Dodged            ||    23

Table legend: (Time is in decaauts)
 A = Elapsed time spent in this place.
 B = Non-inter-level travel time spent in this place.
 C = Inter-level travel time spent in this place.
 D = Time resting spent in this place.
 E = Time spent auto-exploring this place.
 F = Levels seen in this place.
 G = Mean time per level.
                   A        B        C        D        E       F      G
               +--------+--------+--------+--------+--------+-----+--------+
         Total |   2234 |   2209 |     25 |    211 |   1774 |   2 | 1117.0 |
       Dungeon |   2234 |   2209 |     25 |    211 |   1774 |   2 | 1117.0 |
               +--------+--------+--------+--------+--------+-----+--------+

Top non-repeatable levels by time:
     D:1: 1822 daAuts
     D:2: 412 daAuts
